 Dungeon Crawl Stone Soup version 0.25-a0-482-g9b3b753f3f (webtiles) character file.

Game seed: 3624603977084009107, levelgen mode: deterministic

5927 Emblim88 the Grappler (level 10, -4/100 HPs)
             Began as a Troll Monk on Feb 10, 2020.
             Was a High Priest of Okawaru.
             Slain by an eight-headed hydra (10 damage)
             ... on level 8 of the Dungeon.
             The game lasted 00:17:33 (6302 turns).

Emblim88 the Grappler (Troll Monk)                  Turns: 6302, Time: 00:17:34

Health: -4/100     AC:  9    Str: 24    XL:     10   Next: 54%
Magic:  12/12      EV:  8    Int:  6    God:    Okawaru [*****.]
Gold:   432        SH: 12    Dex: 15    Spells: 9/9 levels left

rFire    . . .     SeeInvis .     - Unarmed
rCold    . . .     Gourm    +   c - +0 large shield
rNeg     . . .     Faith    .   r - +0 troll leather armour
rPois    .         Spirit   .   (helmet restricted)
rElec    .         Reflect  .   x - +0 cloak
rCorr    .         Harm     .   (gloves unavailable)
MR       +....                  (boots unavailable)
Stlth    ++........             (no amulet)
HPRegen  1.06/turn              t - +3 ring of dexterity
MPRegen  0.13/turn              y - ring of protection from magic

@: about to teleport
A: large, unfitting armour, claws 3, fast metabolism 3, gourmand, regeneration
1, shaggy fur 1, tough skin 3
a: Heroism, Finesse, Renounce Religion


You were on level 8 of the Dungeon.
You worshipped Okawaru.
Okawaru was extremely pleased with you.
You were completely stuffed.

You visited 2 branches of the dungeon, and saw 10 of its levels.

You collected 432 gold pieces.

Inventory:

Hand Weapons
 a - the +6 flail of Spontaneous Combustion {pain, +Rage rElec rN+ Dex-3}
   (You found it on level 7 of the Dungeon)

   In the hands of one skilled in necromantic magic, it inflicts extra damage on
   living creatures.
   It affects your dexterity (-3).
   It insulates you from electricity.
   It protects you from negative energy.
   It lets you go berserk.
 j - a +0 vorpal hunting sling
Missiles
 d - 354 stones (quivered)
 w - 8 silver javelins
 J - 21 poisoned darts
 L - 25 sling bullets
Armour
 c - a +0 large shield (worn)
 h - the +2 robe of Avido Widiu {-Tele Dex+5}
   (You found it on level 6 of the Dungeon)

   It affects your dexterity (+5).
   It prevents most forms of teleportation.
   If you switch to wearing this armour, your AC will remain unchanged.
 r - a +0 troll leather armour (worn)
 x - a +0 cloak (worn)
 F - the +3 pair of gloves of Death Resistance {rElec rC++, unknown}
   (You found it on level 7 of the Dungeon)

   It greatly protects you from cold.
   It insulates you from electricity.
   If you switch to wearing this armour, your AC will increase by 4 (9 -> 13).
 M - a +0 hat of magic resistance
Magical Staves
 I - an uncursed staff of energy {unknown}
Jewellery
 t - a +3 ring of dexterity (left claw)
 y - a ring of protection from magic (right claw)
 H - an uncursed ring of protection from cold
Wands
 v - a wand of enslavement (8)
 C - a wand of flame (18)
Scrolls
 e - 7 scrolls of remove curse
 g - 3 scrolls of magic mapping
 o - a scroll of fog
 s - a scroll of blinking
 z - 4 scrolls of amnesia {unknown}
 A - 3 scrolls of teleportation
 D - 3 scrolls of enchant armour
 G - a scroll of fear
Potions
 f - 2 potions of degeneration {unknown}
 i - a potion of berserk rage
 k - a potion of agility
 l - a potion of lignification
 m - a potion of might
 n - 2 potions of magic {unknown}
 p - 3 potions of resistance {unknown}
 q - 3 potions of heal wounds {unknown}
 u - a potion of haste
 B - a potion of flight
 E - a potion of invisibility
Comestibles
 b - 19 rations
 K - 9 chunks of flesh


   Skills:
 + Level 6.6 Fighting
 + Level 1.2 Armour
 + Level 6.6 Dodging
 - Level 1.0 Stealth
 * Level 10.8 Unarmed Combat
 + Level 5.0 Invocations


You had 9 spell levels left.
You didn't know any spells.
Your spell library contained the following spells:

 Spells                   Type           Power        Failure   Level  Hunger
 Corona                   Hex            #......      100%        1    ##.....
 Sandblast                Erth           #.....       100%        1    ##.....
 Ensorcelled Hibernation  Hex/Ice        #.....       100%        2    ###....
 Passwall                 Tmut/Erth      #.......     100%        2    ###....
 Confusing Touch          Hex            #.......     100%        3    ####...
 Dazzling Flash           Conj/Hex       #.....       100%        3    ####...
 Gell's Gravitas          Tloc           #.........   100%        3    ####...
 Stone Arrow              Conj/Erth      #.....       100%        3    ####...
 Tukima's Dance           Hex            #.......     100%        3    ####...
 Petrify                  Tmut/Erth      #.......     100%        4    #####..
 Lee's Rapid Deconstruct  Erth           #.........   100%        5    ######.
 Metabolic Englaciation   Hex/Ice        #.........   100%        5    ######.
 Yara's Violent Unravell  Hex/Tmut       #.........   100%        5    ######.


Dungeon Overview and Level Annotations

Branches:
Dungeon (9/15)             Temple (1/1) D:4            Lair (0/6) D:9
    Orc: D:9-12

Altars:
Ashenzari
Cheibriados
Dithmenos
Elyvilon
Fedhas
Gozag
Kikubaaqudgha
Makhleb
Nemelex Xobeh
Okawaru
Qazlal
Ru
Trog
Uskayaw
Vehumet
Wu Jian
Xom
The Shining One

Annotations:
D:6 4 runed translucent doors


Innate Abilities, Weirdness & Mutations

You are too large for most types of armour.
You have claws for hands.
Your metabolism is lightning-fast.
You like to eat raw meat.
Your natural rate of healing is unusually fast.
You are covered in fur. (AC +1)
You have extremely tough skin. (AC +3)


Message History

You block the eight-headed hydra's attack.
The eight-headed hydra bites you. The eight-headed hydra bites you!
You block the eight-headed hydra's attack.
The eight-headed hydra bites you! The eight-headed hydra bites you.
The eight-headed hydra bites you!
* * * LOW HITPOINT WARNING * * *
The eight-headed hydra closely misses you.
As you read the scroll of teleportation, it crumbles to dust.
You feel strangely unstable.
You block the eight-headed hydra's attack.
The eight-headed hydra bites you but does no damage.
You block the eight-headed hydra's attack.
The eight-headed hydra bites you but does no damage.
You block the eight-headed hydra's attack.
The eight-headed hydra bites you!
* * * LOW HITPOINT WARNING * * *
The eight-headed hydra bites you.
* * * LOW HITPOINT WARNING * * *
The eight-headed hydra bites you!
You die...

...#............#..#.#...........
...#.##......##.#....#...........
...#.##......####....#......^....
...#.##...........>..#.....##'###
...#.##......####....#.....##.#
...#.##..............#.....##.#
...#.######.#.##..............#
...#.######.#.##D...##.....####
...#.#....#...##@...##.....#
...#.#.##.#.####.#####.....#
...#.............# #.....#
.........##.###### #######
..####.#.##.# ..#....#.##.#
..#......##.# ..#########.#
...........)#


You could see an eight-headed hydra.

Vanquished Creatures
  Joseph (D:8)
  Grinder (D:3)
  2 hippogriffs (D:7)
  Sigmund (D:2)
  A spriggan (D:7)
  A yak (D:9)
  A wyvern (D:8)
  A hungry ghost (D:8)
  Duvessa (D:6)
  A porcupine (D:9)
  2 black bears (D:9)
  3 ice beasts
  2 sky beasts (D:7)
  A phantom (D:7)
  9 ogres
  3 centaurs
  11 bullfrogs
  Dowan (D:6)
  3 scorpions
  A wight (D:6)
  3 crimson imps
  A bullfrog zombie (D:7)
  A centaur zombie (D:6)
  2 quasits
  2 jellies
  4 hounds
  6 orc priests
  2 centaur skeletons
  5 orc wizards
  A bullfrog skeleton (D:4)
  2 iguanas
  Ijyb (D:3)
  10 worker ants
  A killer bee zombie (D:7)
  A hound skeleton (D:8)
  A worker ant zombie (D:5)
  4 gnolls (D:7)
  12 adders
  3 shadow imps
  2 adder zombies
  An adder skeleton (D:5)
  A worm (D:2)
  3 leopard geckos
  25 orcs
  5 bats
  7 giant cockroaches
  7 goblins
  7 hobgoblins
  2 jackals (D:4)
  10 kobolds
  6 quokkas
  2 ball pythons (D:2)
  2 frilled lizards
  A leopard gecko skeleton (D:4)
  5 rats
195 creatures vanquished.

Vanquished Creatures (others)
  11 fungi (D:9)
  3 plants (D:9)
14 creatures vanquished.

Grand Total: 209 creatures vanquished

Notes
Turn   | Place    | Note
-------+----------+-------------------------------------------
     0 | D:1      | Emblim88 the Troll Monk began the quest for the Orb.
     0 | D:1      | Reached XP level 1. HP: 22/22 MP: 0/0
   290 | D:1      | Reached XP level 2. HP: 24/29 MP: 1/1
   943 | D:2      | Reached XP level 3. HP: 12/36 MP: 2/2
  1336 | D:2      | Noticed Sigmund
  1350 | D:2      | Killed Sigmund
  1350 | D:2      | Reached skill level 5 in Unarmed Combat
  1350 | D:2      | Reached XP level 4. HP: 45/45 MP: 3/3
  1350 | D:2      | Reached XP level 5. HP: 53/53 MP: 4/4
  1634 | D:3      | Noticed Grinder
  1640 | D:3      | Noticed Ijyb
  1645 | D:3      | Reached XP level 6. HP: 47/61 MP: 5/5
  1676 | D:3      | Killed Ijyb
  1690 | D:3      | Killed Grinder
  1690 | D:3      | Reached skill level 6 in Unarmed Combat
  1690 | D:3      | Reached XP level 7. HP: 44/68 MP: 6/6
  2173 | D:4      | Found a stormy altar of Qazlal.
  2493 | D:4      | Reached skill level 7 in Unarmed Combat
  2582 | D:4      | Found a staircase to the Ecumenical Temple.
  2680 | Temple   | Entered the Ecumenical Temple
  2764 | Temple   | Became a worshipper of Warmaster Okawaru
  2764 | Temple   | Reached * piety under Okawaru
  2764 | Temple   | Reached ** piety under Okawaru
  3016 | D:5      | Entered Level 5 of the Dungeon
  3034 | D:5      | Reached XP level 8. HP: 70/79 MP: 7/7
  3113 | D:5      | Reached skill level 1 in Invocations
  3379 | D:5      | Found a shadowy altar of Dithmenos.
  3391 | D:5      | Reached skill level 8 in Unarmed Combat
  3599 | D:5      | Reached skill level 5 in Dodging
  3792 | D:6      | Reached skill level 5 in Fighting
  3874 | D:6      | Reached *** piety under Okawaru
  3953 | D:6      | Got a crude robe
  3964 | D:6      | Identified the +2 robe of Avido Widiu {-Tele Dex+5} (You
                  | found it on level 6 of the Dungeon)
  4035 | D:6      | Reached XP level 9. HP: 88/88 MP: 9/9
  4049 | D:6      | Found a large runed translucent door.
  4049 | D:6      | Found a large runed translucent door.
  4061 | D:6      | Noticed a white ugly thing
  4067 | D:6      | Found a large runed translucent door.
  4067 | D:6      | Found a large runed translucent door.
  4299 | D:6      | Noticed Duvessa
  4301 | D:6      | Noticed Dowan
  4305 | D:6      | Killed Duvessa
  4307 | D:6      | Killed Dowan
  4307 | D:6      | Reached skill level 9 in Unarmed Combat
  4596 | D:7      | Reached **** piety under Okawaru
  4617 | D:7      | Got a fine flail
  4642 | D:7      | Identified the +6 flail of Spontaneous Combustion {pain,
                  | +Rage rElec rN+ Dex-3} (You found it on level 7 of the
                  | Dungeon)
  5030 | D:7      | Got a pair of translucent gloves
  5191 | D:7      | Reached skill level 10 in Unarmed Combat
  5351 | D:7      | Reached XP level 10. HP: 98/98 MP: 12/12
  5369 | D:7      | Reached ***** piety under Okawaru
  5892 | D:8      | Noticed Joseph
  5905 | D:8      | Killed Joseph
  6185 | D:9      | Found a staircase to the Lair.
  6193 | D:9      | Received a gift from Okawaru
  6239 | D:9      | Reached skill level 5 in Invocations
  6263 | D:9      | Reached skill level 1 in Armour
  6277 | D:9      | Noticed an eight-headed hydra
  6302 | D:8      | Slain by an eight-headed hydra

Levels and vault maps discovered:
D:1:      dpeg_arrival_morbid_curiosity, layout_basic, minmay_misc_feat_tower,
          grunt_decor_mini_mirrors
D:2:      layout_loops_ring, minmay_tromino_v7, uniq_sigmund
D:3:      layout_rooms, first_ration, uniq_ijyb, uniq_grinder
D:4:      minmay_skewed_foursquare, layout_basic, minmay_temple_entry_hall,
          minmay_misc_feat_more_columns, grunt_qazlal_sundering
D:5:      layout_layer_cave, overflow_temple_1_default, minmay_hedge_maze
D:6:      layout_cave_pools, minmay_hollow_rounded_squares, uniq_duvessa
D:7:      kennysheep_windowed_halls, layout_basic, the_bakery, hex_intersection,
          chequers_serial_rivers_micro_c
D:8:      layout_basic, uniq_joseph
D:9:      layout_basic, grunt_temple_overflow_cloverleaf,
          due_lair_maze_entry_diamond, minmay_orc_entry_temple_small,
          minivault_8
Temple:   nicolae_temple_x_marks_the_god

Skill      XL: |  1  2  3  4  5  6  7  8  9 10 |
---------------+-------------------------------+-----
Fighting       | 3 4 5 6 |  6.6
Dodging        | 3 4 5 6 |  6.6
Unarmed Combat | 5 6 7 8 10 | 10.8
Invocations    | 2 4 5 |  5.0
Armour         | 1 |  1.2
Stealth        | |  1.0

Action                   |  1- 3 |  4- 6 |  7- 9 | 10-12 || total
-------------------------+-------+-------+-------+-------++-------
Melee: Unarmed           |    59 |    58 |   289 |   100 ||   506
       Punch             |       |     1 |    14 |       ||    15
       Flail             |       |       |    50 |       ||    50
 Fire: Hunting sling     |    57 |       |       |       ||    57
Invok: Heroism           |       |       |     1 |       ||     1
Evoke: Wand              |       |       |       |     2 ||     2
  Use: Scroll            |       |       |    11 |     5 ||    16
 Stab: Sleeping          |     3 |       |     5 |       ||     8
  Eat: Chunk             |    14 |     6 |    35 |    13 ||    68
Armor: Robe              |    47 |     6 |       |       ||    53
       Troll leather arm |       |    31 |   130 |    50 ||   211
Dodge: Dodged            |    71 |    49 |   191 |    42 ||   353
Block: Large shield      |       |       |       |    61 ||    61

Table legend:
 A = Non-vault XP
 B = Vault XP
 C = Vault XP percentage of total XP
 D = Non-vault monster count
 E = Vault monster count
 F = Vault count percentage of total count
                 A         B        C        D         E       F
            +---------+---------+-------+---------+---------+-------
      Total |    4840 |    3628 |  42.8 |     147 |      48 |  24.6
            +---------+---------+-------+---------+---------+-------
        D:1 |      25 |       9 |  26.5 |      14 |       5 |  26.3
        D:2 |      76 |     242 |  76.1 |      18 |       4 |  18.2
        D:3 |     166 |     308 |  65.0 |      17 |       2 |  10.5
        D:4 |     450 |     138 |  23.5 |      11 |       3 |  21.4
        D:5 |     944 |       0 |   0.0 |      22 |       0 |   0.0
        D:6 |     709 |     458 |  39.2 |      17 |       8 |  32.0
        D:7 |    1433 |    1008 |  41.3 |      28 |      16 |  36.4
        D:8 |     756 |     460 |  37.8 |      14 |       1 |   6.7
        D:9 |     281 |    1005 |  78.1 |       6 |       9 |  60.0
            +---------+---------+-------+---------+---------+-------
